 Dungeon Crawl Stone Soup version 0.19.0-19-g8c6edcc (webtiles) character file.

588 qqqbard the Cudgeler (level 7, -2/60 HPs)
             Began as a Minotaur Fighter on Nov 12, 2016.
             Slain by an orc warrior
             ... wielding a +0 battleaxe
              (18 damage)
             ... on level 4 of the Dungeon.
             The game lasted 00:03:17 (2491 turns).

qqqbard the Cudgeler (Minotaur Fighter)             Turns: 2491, Time: 00:03:18

Health: -2/60      AC:  8    Str: 23    XL:     7   Next: 15%
Magic:  6/6        EV:  9    Int:  5    God:
Gold:   102        SH: 10    Dex:  9    Spells: 0 memorised, 6 levels left

rFire  . . .     SeeInvis .     a - +0 flail
rCold  . . .     Gourm    .     b - +0 scale mail
rNeg   . . .     Faith    .     c - +0 shield
rPois  .         Spirit   .     (helmet restricted)
rElec  .         Reflect  .     g - +0 cloak
rCorr  .         Harm     .     (no gloves)
MR     .....                    (no boots)
Stlth  ..........               (no amulet)
                                (no ring)
                                (no ring)

@: no status effects
A: retaliatory headbutt, horns 2
a: no special abilities


You were on level 4 of the Dungeon.
You were not hungry.

You visited 1 branch of the dungeon, and saw 4 of its levels.

You collected 102 gold pieces.

Inventory:

Hand Weapons
 a - a +0 flail (weapon)
Armour
 b - a +0 scale mail (worn)
 c - a +0 shield (worn)
 g - a +0 cloak (worn)
Jewellery
 h - an uncursed ring of see invisible {unknown}
Wands
 u - a wand of slowing (14/48)
 x - a wand of digging (11/24)
Scrolls
 e - 6 scrolls of identify {unknown}
 k - 5 scrolls of teleportation {unknown}
 l - a scroll of random uselessness {unknown}
 m - 3 scrolls of noise {unknown}
 q - 2 scrolls of remove curse {unknown}
 r - a scroll of amnesia {unknown}
 s - a scroll of fear {unknown}
 t - a scroll of magic mapping {unknown}
 v - 2 scrolls of immolation {unknown}
Potions
 d - a potion of might
 j - 3 potions of curing {unknown}
 n - a potion of agility {unknown}
 o - 2 potions of flight {unknown}
 p - a potion of degeneration {unknown}
 w - a potion of lignification {unknown}
Comestibles
 f - 4 bread rations
 i - 6 chunks of flesh
 z - a beef jerky
 A - a meat ration


   Skills:
 + Level 4.9 Fighting
 * Level 6.2 Maces & Flails
 + Level 5.2 Armour
 + Level 2.7 Dodging
 + Level 5.1 Shields


You had 6 spell levels left.
You didn't know any spells.

Dungeon Overview and Level Annotations

Branches:
Dungeon (4/15)
 Temple: D:4-7

Altars:
Dithmenos
Ru


Innate Abilities, Weirdness & Mutations

You reflexively headbutt those who attack you in melee.
You have a pair of horns on your head.


Message History

You are too injured to fight recklessly!
You are too injured to fight recklessly!
You are too injured to fight recklessly!
You hit the orc warrior.
You headbutt the orc warrior, but do no damage.
The orc warrior is heavily wounded.
You block the orc warrior's attack.
An orc comes into view.
You closely miss the orc warrior.
The orc shouts!
You headbutt the orc warrior, but do no damage.
The orc warrior is heavily wounded.
The orc moves out of view.
You hit the orc warrior but do no damage.
The orc warrior is heavily wounded.
You block the orc warrior's attack.
You closely miss the orc warrior.
The orc warrior is heavily wounded.
The orc warrior hits you with a battleaxe!!
You die...

####
#######..§§#
#.....#..§.#
#)##<......#
#.###)##........
#.........###.#
#.###.#.........
#.......##
####@##.#
#.o.....#
####o###. .. #..
.


You could see an orc warrior and an orc.

Vanquished Creatures
  Sigmund (D:2)
  An ogre (D:4)
  An orc priest (D:3)
  Crazy Yiuf (D:2)
  An orc wizard (D:4)
  Jessica (D:2)
  Natasha (thrice) (D:2)
  Terence (D:2)
  Robin (D:2)
  3 adders
  An ooze (D:2)
  A worm (D:3)
  A dart slug (D:2)
  A leopard gecko (D:3)
  8 orcs
  6 bats
  7 giant cockroaches
  20 goblins
  10 hobgoblins
  A ball python (D:1)
  5 frilled lizards
  8 kobolds
  8 rats
91 creatures vanquished.

Notes
Turn   | Place    | Note
-------+----------+-------------------------------------------
     0 | D:1      | qqqbard the Minotaur Fighter began the quest for the Orb.
     0 | D:1      | Reached XP level 1. HP: 19/19 MP: 0/0
   412 | D:1      | Reached XP level 2. HP: 27/27 MP: 1/1
   429 | D:1      | Reached skill level 3 in Maces & Flails
   928 | D:2      | Reached XP level 3. HP: 27/33 MP: 2/2
   959 | D:2      | Noticed Natasha
   964 | D:2      | Killed Natasha
   990 | D:2      | Noticed Natasha
  1003 | D:2      | Killed Natasha
  1003 | D:2      | Reached skill level 4 in Maces & Flails
  1003 | D:2      | Reached skill level 1 in Dodging
  1003 | D:2      | Reached XP level 4. HP: 27/40 MP: 3/3
  1169 | D:2      | Noticed Natasha
  1176 | D:2      | Killed Natasha
  1177 | D:2      | Noticed Jessica
  1181 | D:2      | Killed Jessica
  1181 | D:2      | Reached XP level 5. HP: 41/46 MP: 4/4
  1226 | D:2      | Found a runed door.
  1230 | D:2      | Noticed Crazy Yiuf
  1239 | D:2      | Killed Crazy Yiuf
  1362 | D:2      | Noticed Robin
  1373 | D:2      | Killed Robin
  1453 | D:2      | Noticed Terence
  1460 | D:2      | Killed Terence
  1460 | D:2      | Reached skill level 5 in Maces & Flails
  1481 | D:2      | Found a sacrificial altar of Ru.
  1537 | D:2      | Noticed Sigmund
  1544 | D:2      | Killed Sigmund
  1544 | D:2      | Reached skill level 5 in Armour
  1544 | D:2      | Reached XP level 6. HP: 27/53 MP: 5/5
  2189 | D:3      | Reached skill level 5 in Shields
  2461 | D:4      | Found a shadowy altar of Dithmenos.
  2470 | D:4      | Reached skill level 6 in Maces & Flails
  2470 | D:4      | Reached XP level 7. HP: 28/60 MP: 6/6
  2491 | D:4      | Slain by an orc warrior

Skill      XL: |  1  2  3  4  5  6 |
---------------+-------------------+-----
Maces & Flails | 3 4 5 6 |  6.2
Fighting       | 4 |  4.9
Armour         | 4 5 |  5.2
Shields        | 4 5 |  5.1
Dodging        | 1 2 |  2.7

Action                   |  1- 3 |  4- 6 |  7- 9 || total
-------------------------+-------+-------+-------++-------
Melee: Flail             |    85 |   134 |    12 ||   231
       Headbutt          |    12 |    27 |     4 ||    43
  Eat: Chunk             |       |     5 |       ||     5
Armor: Scale mail        |    32 |    37 |     2 ||    71
Dodge: Dodged            |    20 |    38 |       ||    58
Block: Shield            |    41 |    58 |     4 ||   103
